 Dungeon Crawl Stone Soup version 0.19.4-10-g532645f (webtiles) character file.

6440 galech the Fighter (level 10, -4/66 HPs)
             Began as a Gargoyle Fighter on Feb 23, 2017.
             Was a High Priest of Okawaru.
             Slain by a freezing wraith (14 damage)
             ... on level 9 of the Dungeon.
             The game lasted 00:14:53 (9094 turns).

galech the Fighter (Gargoyle Fighter)               Turns: 9094, Time: 00:14:54

Health: -4/66      AC: 19    Str: 24    XL:     10   Next: 99%
Magic:  10/10      EV:  9    Int:  8    God:    Okawaru [*****.]
Gold:   595        SH: 11    Dex:  7    Spells: 0 memorised, 9 levels left

rFire  . . .     SeeInvis .     a - +0 flail
rCold  . . .     Gourm    .     b - +0 scale mail
rNeg   + . .     Faith    +     c - +0 shield
rPois  ∞         Spirit   .     m - +0 helmet
rElec  +         Reflect  .     x - +0 cloak
rCorr  .         Harm     .     (no gloves)
MR     .....                    G - +0 pair of boots
Stlth  +.........               h - amulet of faith
                                D - +2 ring of slaying
                                A - ring of stealth

@: slowed, very slow
A: clumsy 1, deterioration 1, negative energy resistance 1, electricity
resistance, unbreathing, petrification resistance, rot immunity, sturdy frame 1,
AC +7
a: Heroism, Finesse, Renounce Religion


You were on level 9 of the Dungeon.
You worshipped Okawaru.
Okawaru was extremely pleased with you.
You were not hungry.

You visited 2 branches of the dungeon, and saw 10 of its levels.

You collected 595 gold pieces.

Inventory:

Hand Weapons
 a - a +0 flail (weapon)
Armour
 b - a +0 scale mail (worn)
 c - a +0 shield (worn)
 m - a +0 helmet (worn)
 x - a +0 cloak (worn)
 G - a +0 pair of boots (worn)
Jewellery
 h - an amulet of faith (around neck)
 A - a ring of stealth (left hand)
 D - a +2 ring of slaying (right hand)
Wands
 o - a wand of random effects (36/48)
 E - a wand of lightning (8/15)
 K - a wand of iceblast (3/15)
 M - a wand of teleportation (8/9)
 P - a wand of iceblast (8/15)
 Q - a wand of flame (21/48)
Scrolls
 e - a scroll of blinking
 l - 3 scrolls of fog
 n - a scroll of enchant weapon {unknown}
 p - a scroll of noise {unknown}
 v - 5 scrolls of remove curse {unknown}
 y - a scroll of immolation
 F - a scroll of enchant armour
 H - a scroll of recharging
 N - a scroll of torment
 O - 2 scrolls of holy word {unknown}
Potions
 d - 2 potions of might
 i - 4 potions of heal wounds {unknown}
 k - 3 potions of curing {unknown}
 q - a potion of haste {unknown}
 r - a potion of ambrosia {unknown}
 u - a potion of invisibility {unknown}
 w - a potion of degeneration {unknown}
 z - a potion of resistance {unknown}
 B - 2 potions of mutation {unknown}
 C - a potion of brilliance {unknown}
 I - 2 potions of magic {unknown}
 J - 2 potions of lignification {unknown}
 L - a potion of cancellation {unknown}
Books
 t - a book of Callings

   Spells                             Type                      Level
   a - Summon Small Mammal            Summoning                    1
   b - Call Imp                       Summoning                    2
   c - Call Canine Familiar           Summoning                    3
   d - Summon Guardian Golem          Hexes/Summoning              3
   e - Summon Lightning Spire         Summoning/Air                4
   f - Summon Ice Beast               Ice/Summoning                4
Comestibles
 f - 3 bread rations
 g - 6 meat rations
 j - 4 beef jerkies
 s - 8 fruits
 R - 5 chunks of flesh


   Skills:
 + Level 9.6 Fighting
 + Level 8.5 Maces & Flails
 + Level 9.5 Armour
 + Level 9.4 Shields


You had 9 spell levels left.
You didn't know any spells.

Dungeon Overview and Level Annotations

Branches:
Dungeon (9/15)             Temple (1/1) D:5
   Lair: D:8-11         Orc: D:9-12

Altars:
Ashenzari
Cheibriados
Dithmenos
Elyvilon
Fedhas
Gozag
Hepliaklqana
Kikubaaqudgha
Makhleb
Nemelex Xobeh
Okawaru
Qazlal
Ru
Sif Muna
Trog
Uskayaw
Xom
Yredelemnul
Zin
The Shining One

Shops:
D:4 [:   D:6 %


Innate Abilities, Weirdness & Mutations

You are resistant to torment.
Your stone body is resilient. (AC +7)
You are immune to poison.
You resist negative energy. (rN+)
You are resistant to electric shocks. (rElec)
You can survive without breathing.
You are immune to petrification.
You are immune to rotting.
You are clumsy. (Dex -2)
Your body sometimes deteriorates upon taking damage.
Your movements are slightly less encumbered by armour. (ER -2)


Message History

The freezing wraith closely misses you.
The tarantella changes into a floating eye!
The floating eye's stare focuses on you.
The floating eye gazes piercingly through you!
You suddenly lose the ability to move!
The floating eye's view fixates on you.
The freezing wraith hits you but does no damage.
The freezing wraith barely misses you.
The freezing wraith hits you but does no damage.
The freezing wraith hits you.
* * * LOW HITPOINT WARNING * * *
The freezing wraith drains your vigour!
You feel yourself slow down.
You can move again.
Unknown command.
The floating eye changes into a guardian serpent!
You block the freezing wraith's attack. x2
The freezing wraith hits you!
* * * LOW HITPOINT WARNING * * *
The freezing wraith freezes you!
You die...

... #.....#
##.#####.....# ...
..#..)..#
##.###.#..#..#
#...#..#.##..#
##.###.#.##..#
#...#....##..# #
##.###.#.##..####.#
#...#..#.##.@.....#
##.###.#.##DW.....#
#..)...#.##SZ######
######.#####.##..#
.............##..#
)........##.###..#
...).....##......#
...).....##......#
.....(...##......######


You could see a six-headed hydra, a guardian serpent shaped shifter, a freezing
wraith and a wyvern skeleton.

Vanquished Creatures
  A centaur warrior (D:9)
  A skeletal warrior (D:9)
  A deep elf mage (D:9)
  A manticore (D:9)
  A freezing wraith (D:9)
  A troll (D:9)
  2 wyverns (D:9)
  An orc warrior (D:8)
  3 ice beasts
  A phantom (D:8)
  A sky beast (D:7)
  2 necrophages
  A black bear (D:8)
  6 ogres
  5 centaurs
  Blork the orc (D:6)
  4 bullfrogs
  3 scorpions
  4 killer bees
  11 wights
  A vampire bat (D:5)
  4 howler monkeys
  A centaur zombie (D:8)
  3 crimson imps
  A bullfrog skeleton (D:7)
  A hound (D:8)
  Crazy Yiuf (D:3)
  A jelly (D:8)
  2 orc wizards (D:8)
  12 worker ants
  A hound zombie (D:8)
  A hound skeleton (D:4)
  5 adders
  A hound simulacrum (D:9)
  A shadow imp (D:6)
  An ooze (D:6)
  2 worms
  2 dart slugs
  8 leopard geckos
  9 orcs
  7 bats
  4 bat skeletons (D:5)
  3 giant cockroaches
  15 goblins
  12 hobgoblins
  15 jackals
  4 kobolds
  4 quokkas
  A ball python (D:1)
  3 frilled lizards
  A jackal zombie (D:6)
  2 leopard gecko zombies
  5 rats
185 creatures vanquished.

Notes
Turn   | Place    | Note
-------+----------+-------------------------------------------
     0 | D:1      | galech the Gargoyle Fighter began the quest for the Orb.
     0 | D:1      | Reached XP level 1. HP: 14/14 MP: 1/1
   116 | D:1      | Reached XP level 2. HP: 18/19 MP: 2/2
   667 | D:2      | Reached XP level 3. HP: 7/24 MP: 3/3
  1450 | D:2      | Reached XP level 4. HP: 29/29 MP: 4/4
  1997 | D:3      | Noticed a bullfrog
  2018 | D:3      | Killed a bullfrog
  2018 | D:3      | Reached XP level 5. HP: 26/34 MP: 5/5
  2450 | D:3      | Found a runed door.
  2454 | D:3      | Noticed Crazy Yiuf
  2461 | D:3      | Killed Crazy Yiuf
  2713 | D:4      | Found Jolul's Book Emporium.
  2750 | D:4      | Reached XP level 6. HP: 39/39 MP: 6/6
  2816 | D:4      | Found Pogeghak's Armour Emporium.
  3094 | D:4      | Reached skill level 5 in Fighting
  3271 | D:4      | Found a blossoming altar of Fedhas.
  3480 | D:4      | Reached skill level 5 in Armour
  3480 | D:4      | Reached skill level 5 in Shields
  3480 | D:4      | Reached XP level 7. HP: 43/44 MP: 7/7
  3508 | D:5      | Entered Level 5 of the Dungeon
  3775 | D:5      | Found a shattered altar of Ashenzari.
  3870 | D:5      | Found an ancient bone altar of Kikubaaqudgha.
  4219 | D:5      | Found a staircase to the Ecumenical Temple.
  4241 | D:5      | Found a burning altar of Makhleb.
  4270 | Temple   | Entered the Ecumenical Temple
  4332 | Temple   | Became a worshipper of Warmaster Okawaru
  4681 | D:6      | Noticed Blork the orc
  4688 | D:6      | Killed Blork the orc
  4688 | D:6      | Reached XP level 8. HP: 41/51 MP: 8/8
  4699 | D:6      | Found a shadowy altar of Dithmenos.
  4817 | D:6      | Found a snail-covered altar of Cheibriados.
  4987 | D:6      | Reached skill level 5 in Maces & Flails
  5014 | D:6      | Reached * piety under Okawaru
  5323 | D:6      | Found Heetitt's Food Shoppe.
  5672 | D:7      | Found a shimmering altar of Xom.
  5695 | D:7      | Found a white marble altar of Elyvilon.
  6070 | D:7      | Reached XP level 9. HP: 55/57 MP: 9/9
  6126 | D:7      | Reached ** piety under Okawaru
  6307 | D:7      | Found a hazy altar of Hepliaklqana.
  6522 | D:7      | Found a stormy altar of Qazlal.
  6701 | D:7      | Gained mutation: You are clumsy. (Dex -2) [mutagenic meat]
  6702 | D:7      | Gained mutation: Your body sometimes deteriorates upon taking damage. [mutagenic meat]
  6703 | D:7      | Gained mutation: Your movements are slightly less encumbered by armour. (ER -2) [mutagenic meat]
  6751 | D:7      | Found an opulent altar of Gozag.
  6752 | D:7      | Found a glowing silver altar of Zin.
  7331 | D:8      | Reached *** piety under Okawaru
  7876 | D:8      | Reached XP level 10. HP: 31/64 MP: 10/10
  8444 | D:9      | Noticed a skeletal warrior
  8462 | D:9      | Killed a skeletal warrior
  8704 | D:9      | Reached **** piety under Okawaru
  8877 | D:9      | Noticed a centaur warrior
  8892 | D:9      | Noticed a manticore
  8893 | D:9      | Killed a centaur warrior
  8903 | D:9      | Killed a manticore
  9051 | D:9      | Reached ***** piety under Okawaru
  9053 | D:9      | Noticed a deep elf mage
  9064 | D:9      | Killed a deep elf mage
  9064 | D:9      | Received a gift from Okawaru
  9067 | D:9      | Noticed a six-headed hydra
  9088 | D:9      | Paralysed by a floating eye for 4 turns
  9092 | D:9      | Noticed a guardian serpent
  9092 | D:9      | a floating eye changed into a guardian serpent
  9094 | D:9      | Slain by a freezing wraith

Skill      XL: |  1  2  3  4  5  6  7  8  9 10 |
---------------+-------------------------------+-----
Shields        | 4 5 6 8 9 |  9.4
Fighting       | 4 5 7 8 9 |  9.6
Maces & Flails | 3 4 5 7 8 |  8.5
Armour         | 4 5 6 8 9 |  9.5

Action                   |  1- 3 |  4- 6 |  7- 9 | 10-12 || total
-------------------------+-------+-------+-------+-------++-------
Melee: Flail             |   134 |   214 |   581 |   135 ||  1064
       Mace              |       |       |    31 |       ||    31
Invok: Heroism           |       |       |       |     4 ||     4
  Use: Scroll            |       |       |     7 |     1 ||     8
  Eat: Chunk             |     2 |     7 |    18 |       ||    27
       Bread ration      |       |       |       |     1 ||     1
Armor: Scale mail        |    94 |   121 |   272 |    71 ||   558
Dodge: Dodged            |    56 |    81 |   203 |    78 ||   418
Block: Shield            |    93 |   141 |   368 |   100 ||   702
